 Dungeon Crawl Stone Soup version 0.30.1-11-g7821555f0a (webtiles) character file.

Game seed: 6353389480437694659

18 Dordric the Slasher (level 2, -1/23 HPs)
             Began as a Barachi Gladiator on Oct 31, 2023.
             Slain by Sigmund
             ... wielding a +0 scythe
              (4 damage)
             ... on level 2 of the Dungeon.
             The game lasted 00:00:33 (1067 turns).

Dordric the Slasher (Barachi Gladiator)             Turns: 1067, Time: 00:00:34

Health: -1/23      AC:  4    Str: 15    XL:     2   Next: 70%
Magic:  2/2        EV:  9    Int:  8    God:
Gold:   74         SH:  0    Dex: 13    Spells: 1/1 levels left

rFire   . . .        a - +0 long sword
rCold   . . .        (no shield)
rNeg    . . .        b - +0 leather armour
rPois   .            c - +0 helmet
rElec   .            (no cloak)
rCorr   .            (no gloves)
SInv    .            (no boots)
Will    .....        (no amulet)
Stlth   +            (no ring)
HPRegen 0.23/turn    (no ring)
MPRegen 0.08/turn

%: no passive effects
@: grasped by roots, constricted, slow
A: amphibious, slowness 1, strong legs 1, +LOS
a: Hop


You were on level 2 of the Dungeon.
You visited 1 branch of the dungeon, and saw 2 of its levels.

You collected 74 gold pieces.

Inventory:

Hand Weapons
 a - a +0 long sword (weapon)
Missiles
 d - 3 throwing nets (quivered)
 e - a javelin
 k - 2 poisoned darts
Armour
 b - a +0 leather armour (worn)
 c - a +0 helmet (worn)
Scrolls
 f - a scroll of fog {unknown}
 g - a scroll of amnesia {unknown}
 h - a scroll of immolation {unknown}
 i - a scroll of teleportation {unknown}
 l - a scroll of poison {unknown}
 m - a scroll of fear {unknown}
Potions
 j - 2 potions of curing {unknown}


   Skills:
 - Level 2.4 Fighting
 + Level 4.2 Long Blades
 - Level 2.0 Throwing
 + Level 3.8 Dodging


You had one spell level left.
You didn't know any spells.
Your spell library contained the following spells:

 Spells                   Type           Power      Damage    Failure   Level
 Freeze                   Ice            0%         1d3       47%         1
 Frozen Ramparts          Ice            0%         1d1       85%         3
 Hailstorm                Conj/Ice       0%         3d3       85%         3


Dungeon Overview and Level Annotations

Branches:
Dungeon (2/15)

Altars:

Annotations:
D:2 Sigmund


Innate Abilities, Weirdness & Mutations

You are amphibious.
You cover ground slowly.
You can hop short distances.
You have an extended range of vision and can be seen from far away.


Message History

Sigmund shouts!
Sigmund moves out of view.
The rat moves out of view.
Sigmund zaps a wand.
The roots erupt in riotous growth!
The grasping roots grab you! The grasping roots constrict you.
There are monsters nearby!
You escape the roots grasp.
Sigmund misses you.
You barely miss the rat. The rat bites you but does no damage.
Sigmund hits you from afar with a +0 scythe!
You slash the rat!
You kill the rat!
Sigmund casts a spell at you. The puff of flame hits you!
* * * LOW HITPOINT WARNING * * *
You are too injured to fight recklessly!
You are too injured to fight recklessly!
You are too injured to fight recklessly!
You are too injured to fight recklessly!
You are too injured to fight recklessly!
You are too injured to fight recklessly!
You are too injured to fight recklessly!
You are too injured to fight recklessly!
You are too injured to fight recklessly!
You are too injured to fight recklessly!
You are too injured to fight recklessly!
You are too injured to fight recklessly!
You closely miss Sigmund. Sigmund barely misses you.
You hit Sigmund.
Sigmund is lightly wounded.
Sigmund completely misses you.
You slash Sigmund!
Sigmund is heavily wounded.
Sigmund zaps a wand.
The roots erupt in riotous growth!
The grasping roots grab you!
Sigmund is unaffected.
The grasping roots constrict you.
* * * LOW HITPOINT WARNING * * *
You hit Sigmund.
Sigmund is severely wounded.
Sigmund hits you with a +0 scythe.
You die...

.. ...# ..### ... ...
#.#.. ...##..#####
#.#^#### ......>....#
#.#..... #.........#.
#.##.#...#. #.........#.
#.##.#.#.#.
#.........#..#.##.#.#.#.
#.....@†..#..#.#<.#.#.#.
#......@..#.......#.#.#.
#########.#.##.##.#.#.#.
###########.#.##.##.#.#.#.
.........##.#.##......#.#.
#..........#...........#.
#.#####.###.....##.#####.
#........##.###.##....†..
#........##.# #.##..#####
#.####...##.###.##..#


You could see Sigmund.

Vanquished Creatures
  A dart slug (D:1)
  A bat (D:2)
  6 endoplasms
  A giant cockroach (D:1)
  2 ball pythons (D:1)
  A frilled lizard (D:1)
  A kobold (D:1)
  2 rats
15 creatures vanquished.

Notes
Turn   | Place    | Note
-------+----------+-------------------------------------------
     0 | D:1      | Dordric the Barachi Gladiator began the quest for the Orb.
     0 | D:1      | Reached XP level 1. HP: 17/17 MP: 1/1
   432 | D:1      | Reached XP level 2. HP: 8/23 MP: 2/2
   433 | D:1      | Reached skill level 4 in Long Blades
  1058 | D:2      | Noticed Sigmund
  1067 | D:2      | Slain by Sigmund

Illustrated notes

Levels and vault maps discovered:
D:1:      wander_arrival_chamber, layout_loops_corners
D:2:      layout_basic, uniq_crazy_yiuf_cottage, uniq_sigmund

Skill      XL: |  1  2 |
---------------+-------+-----
Long Blades    | 4 |  4.2
Fighting       | |  2.4
Throwing       | |  2.0
Dodging        | |  3.8

Action                     || total
---------------------------++-------
  Melee: Long sword        ||    40
         Punch             ||     1
   Stab: Sleeping          ||     1
 Armour: Leather armour    ||    11
  Dodge: Dodged            ||    25
